 Dungeon Crawl Stone Soup version 0.30-a0-1122-g620db56ad9 (webtiles) character file.

Game seed: 12508207963709005500

98256 CrazyBamboolord the Prestidigitator (level 15, -2/116 (117) HPs)
             Began as a Demonspawn Artificer on Apr 22, 2023.
             Was the Champion of Dithmenos.
             Slain by an orc warlord
             ... wielding a +0 broad axe
              (32 damage)
             ... on level 1 of the Orcish Mines.
             The game lasted 00:57:30 (17329 turns).

CrazyBamboolord the Prestidigitator (DsAr)         Turns: 17329, Time: 00:57:30

HP:   -2/116 (117)  AC:  0    Str:  7    XL:     15   Next: 74%
MP:   22/22         EV: 12    Int: 16    God:    Dithmenos [******]
Gold: 1030          SH:  0    Dex: 20    Spells: 14/14 levels left

rFire   + . .        a - +7 dagger (elec)
rCold   . . .        (no shield)
rNeg    + + .        r - +1 scale mail of Gozag, Burning {rPois rN++ Regen+ Str-5}
rPois   +            (helmet unavailable)
rElec   .            s - +0 cloak
rCorr   .            S - +0 pair of gloves
SInv    .            (boots unavailable)
Will    ++...        y - amulet of regeneration
Stlth   ++++++       n - +4 ring of protection
HPRegen 1.99/turn    R - ring of protection from fire
MPRegen 0.18/turn

%: no passive effects
@: corroded, wreathed by umbra, lightly drained
A: hooves 3, horns 3, demonic guardian 1, ignite blood 2, demonic willpower,
demonic touch 1, clever 1
a: Renounce Religion, Shadow Step, Shadow Form


You were on level 1 of the Orcish Mines.
You worshipped Dithmenos.
Dithmenos was exalted by your worship.
You visited 4 branches of the dungeon, and saw 19 of its levels.
You also visited: Gauntlet.

You collected 1755 gold pieces.
You spent 725 gold pieces at shops.

Inventory:

Hand Weapons
 a - a +7 dagger of electrocution (weapon)
 b - a +3 scimitar of flaming
Armour
 r - the +1 scale mail of Gozag, Burning (worn) {rPois rN++ Regen+ Str-5}
   (You found it in a Gauntlet)

   Str:       It affects your strength (-5).
   rPois:     It protects you from poison.
   rN:        It greatly protects you from negative energy.
   Regen:     It increases your rate of health regeneration.
 s - a +0 cloak (worn)
 z - the +1 leather armour of the Special Xeniums {rElec rN+}
   (You found it on level 4 of the Dungeon)

   rElec:     It insulates you from electricity.
   rN:        It protects you from negative energy.
 S - a +0 pair of gloves (worn)
Jewellery
 g - a +5 ring of evasion
 m - a ring of willpower
 n - a +4 ring of protection (left hand)
 y - an amulet of regeneration (around neck)
 A - a ring of poison resistance
 D - the ring of Xom's Flight of Fancy {rElec Str+6 Int+6 Dex-2}
   (You found it in a Gauntlet)

   [ring of strength]

   Str:       It affects your strength (+6).
   Int:       It affects your intelligence (+6).
   Dex:       It affects your dexterity (-2).
   rElec:     It insulates you from electricity.
 H - a ring of see invisible
 R - a ring of protection from fire (right hand)
 T - a ring of resist corrosion
 W - a ring of positive energy
Wands
 c - a wand of flame (23)
 d - a wand of charming (21)
 Q - a wand of roots (8) (quivered)
 X - a wand of polymorph (4)
 Y - a wand of mindburst (9)
Scrolls
 f - 5 scrolls of magic mapping
 i - 3 scrolls of teleportation
 k - 2 scrolls of vulnerability
 o - a scroll of silence
 p - 4 scrolls of fog
 v - 4 scrolls of immolation
 x - 3 scrolls of summoning
 B - a scroll of blinking
 L - a scroll of fear
 M - 3 scrolls of enchant armour
Potions
 h - 4 potions of might
 j - a potion of resistance
 l - 4 potions of heal wounds
 q - 4 potions of brilliance
 t - 4 potions of haste
 w - 2 potions of lignification
 C - a potion of ambrosia
 K - 15 potions of curing
 N - 2 potions of invisibility
 O - 4 potions of cancellation
Miscellaneous
 J - a piece from Xom's chessboard (15/15)
 U - a box of beasts
 V - a phial of floods (inert)
 Z - a phantom mirror


   Skills:
 * Level 10.9 Fighting
 - Level 10.0 Short Blades
 * Level 1.1(6.3) Long Blades
 * Level 10.4 Armour
 * Level 10.6 Dodging
 - Level 10.0 Stealth
 * Level 9.7 Invocations
 * Level 11.2 Evocations


You had 14 spell levels left.
You didn't know any spells.
Your spell library contained the following spells:

 Spells                   Type           Power      Damage    Failure   Level
 Apportation              Tloc           0%         N/A       88%         1
 Magic Dart               Conj           0%         1d3       88%         1
 Necrotise                Necr           0%         1d4       88%         1
 Summon Small Mammal      Summ           0%         N/A       88%         1
 Cigotuvi's Dreadful Rot  Necr/Pois/Air  0%         N/A       95%         2
 Searing Ray              Conj           0%         2d4       95%         2
 Dazzling Flash           Conj/Hex       0%         N/A       99%         3
 Gell's Gravitas          Tloc           0%         N/A       99%         3
 Teleport Other           Tloc           0%         N/A       99%         3
 Volatile Blastmotes      Fire/Tloc      0%         2d10      99%         3
 Anguish                  Hex/Necr       0%         N/A       100%        4
 Animate Armour           Summ/Erth      0%         N/A       100%        4
 Cause Fear               Hex            0%         N/A       100%        4
 Dispel Undead            Necr           0%         3d6       100%        4
 Fulminant Prism          Conj/Hex       0%         3d5       100%        4
 Iskenderun's Mystic Bla  Conj/Tloc      0%         2d3       100%        4
 Alistair's Intoxication  Tmut/Pois      0%         N/A       100%        5
 Blade Hands              Tmut           0%         N/A       100%        5
 Death Channel            Necr           0%         N/A       100%        6
 Dispersal                Tloc           0%         N/A       100%        6
 Iron Shot                Conj/Erth      0%         9d1       100%        6
 Starburst                Conj/Fire      0%         6d3       100%        6
 Enfeeble                 Hex            0%         N/A       100%        7


Dungeon Overview and Level Annotations

Branches:
Dungeon (12/15)            Temple (1/1) D:6            Lair (5/5) D:9
  Swamp (0/4) Lair:2       Spider (0/4) Lair:2        Slime (0/5) Lair:5
    Orc (1/2) D:12        Gauntlet (visited)

Altars:
Ashenzari
Cheibriados
Dithmenos
Fedhas
Gozag
Hepliaklqana
Kikubaaqudgha
Makhleb
Nemelex Xobeh
Okawaru
Qazlal
Ru
Sif Muna
Trog
Uskayaw
Vehumet
Wu Jian
Xom
Yredelemnul
Jiyva

Shops:
D:10 ?   D:11 *(*   Orc:1 !


Innate Abilities, Weirdness & Mutations

You have hooves in place of feet.
You have a pair of large horns on your head.
A weak demonic guardian rushes to your aid.
Your demonic aura often causes spilled blood to erupt in flames.
You punish those that try to bend your will. (Will+)
Your touch may inflict minor irresistible damage on your foes.
Your mind is acute. (Int +4, Str/Dex -1)


Message History

The orc sorcerer goes into a battle-frenzy!
You hit the orc warlord but do no damage.
The orc warlord is heavily wounded.
The sixfirhy hits you but does no damage.
The sixfirhy misses you. The rust devil closely misses you.
Unknown command.
You hit the orc warlord but do no damage.
You kick the orc warlord, but do no damage.
The orc warlord is heavily wounded.
Your shadow hits the orc warlord but does no damage.
The orc warlord hits you with a +0 broad axe!
Unknown command.
Unknown command.
You hit the orc warlord but do no damage.
You kick the orc warlord, but do no damage.
The orc warlord is heavily wounded.
Your shadow barely misses the orc warlord.
The orc no longer looks unusually strong.
The rust devil hits you. The rust devil corrodes you!
Unknown command.
Aiming: Phantom Mirror
Press: ? - help, Q - select action, (/) - cycle Dir - move target, f - orc warlord
Aim: an orc warlord, wielding a +0 broad axe and wearing a +0 plate armour (heavily wounded, umbra) Nothing appears to happen.
The orc warlord roars a battlecry!
The orc goes into a battle-frenzy!
The rust devil hits you. The rust devil corrodes you!
Unknown command.
Aiming: Phantom Mirror
Press: ? - help, Q - select action, (/) - cycle Dir - move target, f/p - orc warlord
Aim: an orc warlord, wielding a +0 broad axe and wearing a +0 plate armour (heavily wounded, umbra) Nothing appears to happen.
The sixfirhy closely misses you. The sixfirhy hits you!
The sixfirhy shocks you!
You emit a cloud of dark smoke.
The orc warlord closely misses you. The rust devil hits you!
* * * LOW HITPOINT WARNING * * *
The rust devil corrodes you!
The orc warlord attacks as you move away!
The orc warlord hits you with a +0 broad axe!!
You die...

##..............
##..............[
##.#.........[....
##.................
#.........>........
##...........^....)
##§.............)..
#§34...............
##@##..........∩..# ##
##oo..........#...
##.###ooo..............
#...#..................
##.#...................
#............#.###..#..
#.......#.....###.....
###....#.......#.#....
#....###.............


You could see an orc warlord, a rust devil (summoned), a sixfirhy (summoned), an
orc sorcerer (strong), an orc wizard (strong) and an orc (strong).

Vanquished Creatures
  A minotaur (Gauntlet)
  Josephine (D:11)
  A fire dragon (Lair:5)
  An ice dragon (D:12)
  5 hydras
  A catoblepas (Lair:4)
  Erica (D:11)
  2 two-headed ogres
  2 death knights (D:12)
  An orc high priest (D:12)
  A deep elf knight (D:12)
  A deep troll (shapeshifter) (D:12)
  3 wizards
  Pikel (D:5)
  3 orc sorcerers (Orc:1)
  A deep elf pyromancer (D:12)
  2 manticores (D:12)
  An ugly thing (D:10)
  2 cyclopes (D:12)
  24 elephants
  Maurice (D:12)
  4 black mambas
  2 molten gargoyles (Lair:5)
  Joseph (D:7)
  6 cane toads
  A gargoyle (D:12)
  2 kobold demonologists (D:10)
  A yaktaur (shapeshifter) (D:12)
  2 efreet
  9 komodo dragons
  Maggie (D:7)
  A rime drake (Lair:5)
  2 trolls (D:10)
  A yaktaur (D:12)
  2 polar bears
  2 hornets
  11 blink frogs
  9 dream sheep (Lair:5)
  10 slime creatures (D:12)
  A shadow (D:10)
  6 wyverns
  74 yaks
  7 wraiths
  3 basilisks
  4 steam dragons
  2 fire elementals (Gauntlet)
  3 redbacks (Lair:2)
  A warg (D:12)
  5 hell hounds
  3 acid dragons
  2 swamp worms (Lair:2)
  12 water moccasins
  8 black bears
  3 ice beasts
  A sky beast (D:6)
  9 orc warriors
  3 centaurs
  7 wolves
  5 ogres
  A lemure (D:5)
  A phantom (D:5)
  5 kobold brigands
  10 bullfrogs
  2 gnoll sergeants
  4 scorpions
  4 killer bees
  An electric eel (Lair:3)
  3 howler monkeys
  5 lava snakes (Lair:5)
  2 gnoll boudas
  3 jellies
  9 orc priests
  A sleepcap (D:7)
  Crazy Yiuf (D:6)
  3 hounds (D:5)
  Jessica (D:2)
  2 iguanas
  13 orc wizards
  19 gnolls
  10 adders
  10 river rats (D:7)
  3 shadow imps
  2 white imps (Gauntlet)
  An ufetubus (D:7)
  A worm (D:5)
  A worm (shapeshifter) (D:12)
  3 dart slugs
  30 orcs
  2 bats
  14 endoplasms
  6 giant cockroaches
  9 goblins
  7 hobgoblins
  5 jackals
  6 quokkas
  5 ball pythons
  7 frilled lizards
  28 kobolds
  17 rats
539 creatures vanquished.

Vanquished Creatures (collateral kills)
  Jorgrun (D:12)
  A hydra (Lair:2)
  A lindwurm (Lair:5)
  2 elephants (Lair:3)
  A cane toad (Lair:4)
  A yak (Lair:3)
  2 wyverns (Lair:5)
  A swamp worm (Lair:2)
  An acid dragon (D:11)
  An orc (Orc:1)
12 creatures vanquished.

Vanquished Creatures (others)
  A gnoll (D:7)
  A quokka (D:4)
  18 fungi
  34 plants
54 creatures vanquished.

Grand Total: 605 creatures vanquished

Notes
Turn   | Place    | Note
-------+----------+-------------------------------------------
     0 | D:1      | CrazyBamboolord the Demonspawn Artificer began the quest
                  | for the Orb.
     0 | D:1      | Reached XP level 1. HP: 15/15 MP: 1/1
   119 | D:1      | Reached skill level 1 in Dodging
   171 | D:1      | Reached skill level 1 in Stealth
   171 | D:1      | Discovered your monstrous ancestry.
   171 | D:1      | Gained mutation: You have large cloven feet. [demonic
                  | ancestry]
   171 | D:1      | Reached XP level 2. HP: 14/21 MP: 2/2
   997 | D:2      | Gained mutation: Your demonic aura sometimes causes spilled
                  | blood to erupt in flames. [demonic ancestry]
   997 | D:2      | Reached XP level 3. HP: 25/26 MP: 3/3
  1108 | D:2      | Found a broken altar of Ashenzari.
  1673 | D:2      | Reached skill level 1 in Short Blades
  1773 | D:2      | Noticed Jessica
  1783 | D:2      | Killed Jessica
  1784 | D:2      | Gained mutation: You have a pair of small horns on your
                  | head. [demonic ancestry]
  1784 | D:2      | Reached XP level 4. HP: 32/32 MP: 4/4
  1997 | D:3      | Gained mutation: You have a pair of horns on your head.
                  | [demonic ancestry]
  1997 | D:3      | Reached XP level 5. HP: 28/37 MP: 5/5
  2040 | D:3      | Found a faded altar of an unknown god.
  2056 | D:3      | Reached skill level 4 in Evocations
  2435 | D:3      | Found an ornate altar of the Wu Jian Council.
  2899 | D:4      | Noticed an ogre
  2906 | D:4      | Killed an ogre
  2907 | D:4      | Gained mutation: Your touch may inflict minor irresistible
                  | damage on your foes. [demonic ancestry]
  2907 | D:4      | Reached XP level 6. HP: 31/44 MP: 6/6
  3016 | D:4      | Noticed a steam dragon
  3031 | D:4      | Killed a steam dragon
  3032 | D:4      | Reached XP level 7. HP: 21/51 MP: 7/7
  3386 | D:4      | Identified the +1 leather armour of the Special Xeniums
                  | {rElec rN+}
  3917 | D:5      | Entered Level 5 of the Dungeon
  4001 | D:5      | Reached XP level 8. HP: 57/58 MP: 8/8
  4148 | D:5      | Noticed Pikel
  4167 | D:5      | Killed Pikel
  4168 | D:5      | Reached skill level 5 in Evocations
  4296 | D:5      | Reached skill level 5 in Short Blades
  4791 | D:6      | Reached XP level 9. HP: 65/65 MP: 9/9
  4934 | D:6      | Reached skill level 5 in Stealth
  5272 | D:6      | Found a staircase to the Ecumenical Temple.
  5282 | Temple   | Entered the Ecumenical Temple
  5402 | Temple   | Became a worshipper of Dithmenos the Shadowed
  5477 | D:6      | Found a runed translucent door.
  5478 | D:6      | Noticed Crazy Yiuf
  5581 | D:6      | Killed Crazy Yiuf
  5822 | D:7      | Noticed Joseph
  5829 | D:7      | Killed Joseph
  5830 | D:7      | Reached skill level 1 in Invocations
  5879 | D:7      | Noticed Maggie
  5932 | D:7      | Killed Maggie
  5933 | D:7      | Reached skill level 5 in Fighting
  5941 | D:7      | Reached skill level 5 in Armour
  5947 | D:7      | Reached * piety under Dithmenos
  5994 | D:7      | Reached skill level 5 in Dodging
  6074 | D:7      | Found a shimmering altar of Xom.
  6184 | D:7      | Reached skill level 6 in Evocations
  6540 | D:7      | Gained mutation: A weak demonic guardian rushes to your
                  | aid. [demonic ancestry]
  6540 | D:7      | Reached XP level 10. HP: 74/74 MP: 11/11
  6615 | D:7      | Reached ** piety under Dithmenos
  7313 | D:9      | Found a staircase to the Lair.
  7546 | D:8      | Reached *** piety under Dithmenos
  7690 | D:8      | Gained mutation: You have a pair of large horns on your
                  | head. [demonic ancestry]
  7690 | D:8      | Reached XP level 11. HP: 41/83 MP: 14/14
  7917 | D:9      | Found a hazy altar of Hepliaklqana.
  7946 | D:9      | Reached skill level 5 in Invocations
  8089 | D:10     | Entered Level 10 of the Dungeon
  8135 | D:10     | Gained mutation: Your body sometimes deteriorates upon
                  | taking damage. [a neqoxec]
  8146 | D:10     | Gained mutation: You sometimes lose your temper in combat.
                  | [a neqoxec]
  8159 | D:10     | Noticed a sun demon
  8202 | D:10     | Reached **** piety under Dithmenos
  8210 | D:10     | Reached skill level 7 in Evocations
  8371 | D:10     | Found an iron altar of Okawaru.
  8610 | D:10     | Found Konn's Magic Scroll Shop.
  8618 | D:10     | Bought a scroll of summoning for 114 gold pieces
  8618 | D:10     | Bought a scroll of summoning for 114 gold pieces
  8737 | D:10     | Noticed a white ugly thing
  9009 | D:10     | Killed a white ugly thing
  9071 | D:10     | Found a snail-covered altar of Cheibriados.
  9071 | D:10     | Found a stormy altar of Qazlal.
  9097 | D:11     | Noticed Erica
  9105 | D:11     | Killed Erica
  9137 | D:11     | Found Osiusufa's Assorted Antiques.
  9137 | D:11     | Noticed Josephine
  9145 | D:11     | Killed Josephine
  9165 | D:11     | Gained mutation: You have hoof-like feet. [demonic
                  | ancestry]
  9165 | D:11     | Reached XP level 12. HP: 92/92 MP: 16/16
  9212 | D:11     | Bought a potion of curing for 63 gold pieces
  9212 | D:11     | Bought an emerald potion for 18 gold pieces
  9380 | D:11     | Found Voyleryn's Weapon Boutique.
  9428 | D:11     | Found Akkutoj's Assorted Antiques.
  9624 | D:11     | Noticed a two-headed ogre
  9629 | D:11     | Killed a two-headed ogre
 10069 | D:12     | Reached ***** piety under Dithmenos
 10163 | D:12     | Noticed a death knight
 10372 | D:12     | Noticed a death knight
 10376 | D:12     | Noticed an ice dragon
 10557 | D:12     | Noticed a two-headed ogre
 10568 | D:12     | Killed a two-headed ogre
 10708 | D:12     | Killed a death knight
 10769 | D:12     | Killed a death knight
 10771 | D:12     | Reached skill level 8 in Evocations
 10848 | D:12     | Killed an ice dragon
 10894 | D:12     | Found a staircase to the Orcish Mines.
 11140 | D:12     | Lost mutation: You sometimes lose your temper in combat.
                  | [potion of mutation]
 11140 | D:12     | Lost mutation: Your body sometimes deteriorates upon taking
                  | damage. [potion of mutation]
 11140 | D:12     | Gained mutation: You occasionally lose the ability to drink
                  | potions when taking damage. [potion of mutation]
 11140 | D:12     | Gained mutation: You sometimes lose the ability to drink
                  | potions when taking damage. [potion of mutation]
 11141 | D:12     | Lost mutation: You sometimes lose the ability to drink
                  | potions when taking damage. [potion of mutation]
 11141 | D:12     | Lost mutation: You occasionally lose the ability to drink
                  | potions when taking damage. [potion of mutation]
 11141 | D:12     | Gained mutation: You are somewhat resistant to further
                  | mutation. [potion of mutation]
 11141 | D:12     | Lost mutation: You are somewhat resistant to further
                  | mutation. [potion of mutation]
 11141 | D:12     | Gained mutation: Your mind is acute. (Int +4, Str/Dex -1)
                  | [potion of mutation]
 11228 | Lair:1   | Entered Level 1 of the Lair of Beasts
 11244 | Lair:1   | Gained mutation: You punish those that try to bend your
                  | will. (Will+) [demonic ancestry]
 11244 | Lair:1   | Reached XP level 13. HP: 92/99 MP: 18/18
 12071 | Lair:2   | You fall into a shaft and drop 1 floor!
 12154 | Lair:3   | Found a gate leading to a gauntlet.
 12184 | Gauntlet | Entered a Gauntlet
 12184 | Gauntlet | Found a transporter.
 12188 | Gauntlet | Found a transporter.
 12201 | Gauntlet | Found a transporter.
 12205 | Gauntlet | Found a transporter.
 12217 | Gauntlet | Found a transporter.
 12234 | Gauntlet | Found a runed translucent door.
 12235 | Gauntlet | Found a transporter.
 12248 | Gauntlet | Found a transporter.
 12268 | Gauntlet | Found a transporter.
 12272 | Gauntlet | Found a transporter.
 12280 | Gauntlet | Found a transporter.
 12306 | Gauntlet | Found a transporter.
 12307 | Gauntlet | Found a transporter.
 12310 | Gauntlet | Found a runed translucent door.
 12527 | Gauntlet | Identified the ring of Xom's Flight of Fancy {rElec Str+6
                  | Int+6 Dex-2}
 12625 | Gauntlet | Noticed a minotaur
 12649 | Gauntlet | Killed a minotaur
 12684 | Gauntlet | Identified the +1 scale mail of Gozag, Burning {rPois rN++
                  | Regen+ Str-5}
 13259 | Lair:2   | Found a staircase to the Swamp.
 13265 | Lair:2   | Reached skill level 10 in Stealth
 13384 | Lair:2   | Found a hole to the Spider Nest.
 13390 | Lair:2   | Reached skill level 10 in Short Blades
 13862 | Lair:3   | Found a hide-covered altar of Uskayaw.
 14273 | Lair:4   | Identified the +3 trident of Discretion {freeze, rF+ rN+
                  | Int-5 Dex+3}
 14349 | Lair:4   | Reached ****** piety under Dithmenos
 14452 | Lair:4   | Reached skill level 9 in Evocations
 14452 | Lair:4   | Gained mutation: Your demonic aura often causes spilled
                  | blood to erupt in flames. [demonic ancestry]
 14452 | Lair:4   | Reached XP level 14. HP: 78/109 MP: 20/20
 14541 | Lair:4   | Reached skill level 10 in Dodging
 14592 | Lair:4   | Reached skill level 10 in Fighting
 15213 | Lair:5   | Entered Level 5 of the Lair of Beasts
 15500 | Lair:5   | Found a large runed translucent door.
 15500 | Lair:5   | Found a large runed translucent door.
 15758 | Lair:5   | Found a viscous altar of Jiyva.
 15759 | Lair:5   | Found a staircase to the Slime Pits.
 15874 | Lair:5   | Reached skill level 10 in Armour
 16371 | Lair:5   | Reached skill level 11 in Evocations
 16371 | Lair:5   | Gained mutation: You have hooves in place of feet. [demonic
                  | ancestry]
 16371 | Lair:5   | Reached XP level 15. HP: 117/117 MP: 22/22
 16837 | Orc:1    | Entered Level 1 of the Orcish Mines
 16840 | Orc:1    | Found Qeddul's Distillery.
 16842 | Orc:1    | Noticed Jorgrun
 16843 | Orc:1    | Noticed Maurice
 16972 | D:12     | Killed Jorgrun
 16985 | D:12     | Killed Maurice
 17030 | Orc:1    | Reached skill level 1 in Long Blades
 17082 | Orc:1    | Bought a potion of curing for 39 gold pieces
 17082 | Orc:1    | Bought a potion of curing for 39 gold pieces
 17082 | Orc:1    | Bought a potion of curing for 39 gold pieces
 17082 | Orc:1    | Bought a potion of curing for 39 gold pieces
 17082 | Orc:1    | Bought a potion of haste for 130 gold pieces
 17082 | Orc:1    | Bought a potion of haste for 130 gold pieces
 17329 | Orc:1    | Slain by an orc warlord

Illustrated notes

Levels and vault maps discovered:
D:1:      onia_arrival_pyramid, layout_basic
D:2:      kennysheep_six_static_rooms, layout_basic, basic_altar, uniq_jessica
D:3:      layout_rooms, pdpol_wu_jian_five_deadly_venoms,
          basic_ecumenical_altar, kennysheep_generic_room_14
D:4:      layout_basic, minmay_fractal_squares_gapless_5
D:5:      layout_basic, minivault_27, hex_tiny, uniq_pikel
D:6:      layout_loops_ring, minmay_temple_entry_drinking_statues,
          uniq_crazy_yiuf_cottage
D:7:      layout_loops_cross, mainiacjoe_overflow_paths, dk_rats_in_the_wall,
          uniq_maggie, uniq_joseph
D:8:      layout_cave_pools, grunt_ministairs_1
D:9:      layout_rooms, lemuel_round_altar, minmay_lair_entry_grove
D:10:     layout_irregular_city, okawaru_gym_becter,
          gammafunk_temple_overflow_elements, serial_shops, shop,
          minmay_diced_spiral
D:11:     layout_cave_pods, serial_shops, nicolae_shop_trees, shop,
          nicolae_shop_peninsula, uniq_erica, uniq_josephine
D:12:     minmay_dotted_concentric_squares, layout_irregular_city, orc_0_dummy,
          kennysheep_generic_room_3
Temple:   eino_temple_rhombus
Lair:1:   layout_roguey, grunt_megastairs_4, lemuel_fruit_fields
Lair:2:   layout_cave_pods, palyth_hydra_swamp_entry, spider_nest_entry_webs
Lair:3:   layout_roguey, basic_altar, gauntlet_entry_generic,
          beast_lair_carwin_2, serial_bayou_shore_a
Lair:4:   layout_regular_city, infiniplex_staircase_pool_2, lemuel_fruit_tree
Lair:5:   cheibrodos_lair_end_hotspot, layout_loops_ring, slime_entry_1
Orc:1:    layout_caves, serial_shops, shop, uniq_maurice, uniq_jorgrun

Skill      XL: |  1  2  3  4  5  6  7  8  9 10 11 12 13 14 15 |
---------------+----------------------------------------------+-----
Dodging        | 1 2 3 4 5 6 8 9 10 | 10.6
Stealth        | 1 2 3 4 5 6 7 9 10 | 10.0
Armour         | 2 3 4 5 6 8 10 | 10.4
Short Blades   | 1 2 3 4 5 6 7 8 9 10 | 10.0
Evocations     | 4 5 6 7 8 9 11 | 11.2
Fighting       | 2 3 4 5 6 7 8 9 10 | 10.9
Invocations    | 2 4 6 7 8 9 |  9.7
Long Blades    | 1 |  1.1

Action                     |  1- 3 |  4- 6 |  7- 9 | 10-12 | 13-15 || total
---------------------------+-------+-------+-------+-------+-------++-------
  Melee: Club              |    28 |       |       |       |       ||    28
         Short sword       |   138 |    46 |       |       |       ||   184
         Kick              |    37 |    22 |    35 |       |    41 ||   135
         Headbutt          |       |    14 |    48 |   161 |   204 ||   427
         Punch             |       |     1 |     3 |    11 |    17 ||    32
         Dagger            |       |    45 |   229 |   592 |   672 ||  1538
         Touch             |       |     3 |    43 |   130 |   176 ||   352
         Scimitar          |       |       |       |       |    39 ||    39
  Evoke: Wand              |     3 |     6 |     3 |    17 |    22 ||    51
         Phantom mirror    |       |       |       |       |     4 ||     4
         Box of beasts     |       |       |       |       |     1 ||     1
         Phial of floods   |       |       |       |       |     1 ||     1
    Use: Potion            |     2 |     1 |     3 |     6 |     3 ||    15
         Scroll            |       |     5 |     7 |    11 |    12 ||    35
   Stab: Sleeping          |     4 |     1 |     9 |    13 |    19 ||    46
         Distracted        |       |       |     1 |     2 |     6 ||     9
 Armour: Leather armour    |    47 |    22 |    45 |   184 |    20 ||   318
         Scale mail        |       |       |       |       |   276 ||   276
  Dodge: Dodged            |    86 |    46 |   141 |   517 |   312 ||  1102

Table legend: (Time is in decaauts)
 A = Elapsed time spent in this place.
 B = Non-inter-level travel time spent in this place.
 C = Inter-level travel time spent in this place.
 D = Time resting spent in this place.
 E = Time spent auto-exploring this place.
 F = Levels seen in this place.
 G = Mean time per level.
                   A        B        C        D        E       F      G
               +--------+--------+--------+--------+--------+-----+--------+
         Total |  16847 |  15789 |   1058 |   1271 |  10604 |  20 |  842.3 |
       Dungeon |  11139 |  10489 |    650 |    951 |   6971 |  12 |  928.2 |
        Temple |    139 |    125 |     14 |      0 |    100 |   1 |  139.0 |
          Lair |   4754 |   4361 |    393 |    277 |   3160 |   5 |  950.8 |
  Orcish Mines |    323 |    323 |      0 |      0 |    212 |   1 |  323.0 |
      Gauntlet |    491 |    491 |      0 |     43 |    160 |   1 |  491.0 |
               +--------+--------+--------+--------+--------+-----+--------+

Top non-repeatable levels by time:
  Lair:5: 1375 daAuts
    D:12: 1332 daAuts
     D:4: 1066 daAuts
    D:10: 1010 daAuts
     D:7: 996 daAuts
     D:2: 979 daAuts
     D:1: 975 daAuts
    D:11: 971 daAuts
  Lair:4: 965 daAuts
  Lair:2: 905 daAuts
     D:3: 876 daAuts
     D:5: 852 daAuts
     D:6: 809 daAuts
  Lair:3: 779 daAuts
  Lair:1: 728 daAuts
